 Dungeon Crawl Stone Soup version 0.31-a0-1074-g0b22e4e0f1 (webtiles) character file.

Game seed: 8581129008119544358

28 Dirtsage the Slasher (level 3, 28/29 HPs)
             Began as a Demonspawn Monk on Nov 26, 2023.
             Quit the game on level 1 of the Dungeon.
             The game lasted 00:01:34 (845 turns).

Dirtsage the Slasher (Demonspawn Monk)               Turns: 845, Time: 00:01:34

Health: 28/29      AC:  2    Str: 17    XL:     3   Next: 0%
Magic:  3/3        EV: 13    Int: 11    God:
Gold:   46         SH:  4    Dex: 17    Spells: 2/2 levels left

rFire   . . .        a - +0 falchion
rCold   . . .        d - orb {light}
rNeg    . . .        b - +0 robe
rPois   .            (no helmet)
rElec   .            (no cloak)
rCorr   .            (no gloves)
SInv    .            (no boots)
Will    .....        (no amulet)
Stlth   +            g - +6 ring of strength
HPRegen 0.24/turn    (no ring)
MPRegen 0.08/turn

%: no passive effects
@: glowing
A: hooves 1, condensation shield
a: no special abilities


You were on level 1 of the Dungeon.
You visited 1 branch of the dungeon, and saw 1 of its levels.

You collected 46 gold pieces.

Inventory:

Hand Weapons
 a - a +0 falchion (weapon)
Armour
 b - a +0 robe (worn)
 d - an orb of light (worn)
Jewellery
 g - a +6 ring of strength (left hand)
Scrolls
 e - a scroll of blinking {unknown}
 f - a scroll of identify {unknown}
 k - a scroll of noise {unknown}
Potions
 c - a potion of ambrosia
 h - a potion of enlightenment {unknown}
 i - a potion of curing {unknown}
 j - a potion of might {unknown}


   Skills:
 - Level 3.0 Fighting
 + Level 3.8 Long Blades
 - Level 2.6 Dodging


You had 2 spell levels left.
You didn't know any spells.
Your spell library was empty.

Dungeon Overview and Level Annotations

Branches:
Dungeon (1/15)

Altars:


Innate Abilities, Weirdness & Mutations

You have large cloven feet.
A meltable shield of frost defends you. (SH +4)


Message History

You see here a ball python corpse.
You open the door.
There is an open door here.
You open the door.
There is an open door here.
You open the door.
There is an open door here.
Found a stone staircase leading down.
You see here a +0 dagger.
k - a scroll labelled FETOFUI SUTIALENIR You open the door.
There is an open door here.
You open the door. You open the door.
There is an open door here.
There is an open door here.
A rat comes into view.
A rat is nearby!
The rat barely misses you.
You hit the rat but do no damage. The rat bites you but does no damage.
You hit the rat.
You kill the rat!
You see here a rat corpse.
A kobold comes into view. It is wielding a +0 dagger.
The kobold shouts!
The kobold hits you with a +0 dagger.
You take 1 damage, and have 23/24 hp.
You slash the kobold!
You kill the kobold!
You have reached level 3!
Your experience leads to an increase in your attributes!
Your base attributes are Str 11, Int 11, Dex 15.
Increase (s)trength, (i)ntelligence, or (d)exterity?
You feel agile. x2
You feel monstrous as your demonic heritage exerts itself.
Your demonic ancestry asserts itself...
Your feet thicken and deform.
You regained 5 hp, and now have 28/29 hp.
MP restored: 3 Are you sure you want to abandon this character and quit the game? (Confirm with "yes".)

#.##.#.............###
#.##.#.........♣♣♣...#
#.##.#.......†..##....
#.##.#..........##♣.♣.
#.##.#..........# ♣.♣.
###+##+#..........##♣.♣.
........####........♣.♣.
........# #......>.♣.♣.
.......@# #........♣.♣.
.......)# #............
........# #............
........# #............
........# #........##'#
###+##... +........##.#
#### #........##.#
#........##.#
##+#+######.#


There were no monsters in sight!

Vanquished Creatures
  A dart slug (D:1)
  6 ball pythons (D:1)
  3 bats (D:1)
  An endoplasm (D:1)
  A giant cockroach (D:1)
  A goblin (D:1)
  2 hobgoblins (D:1)
  3 kobolds (D:1)
  A quokka (D:1)
  2 frilled lizards (D:1)
  3 rats (D:1)
24 creatures vanquished.

Notes
Turn   | Place    | Note
-------+----------+-------------------------------------------
     0 | D:1      | Dirtsage the Demonspawn Monk began the quest for the Orb.
     0 | D:1      | Reached XP level 1. HP: 18/18 MP: 1/1
   195 | D:1      | Gained mutation: A meltable shield of frost defends you.
                  | (SH +4) [demonic ancestry]
   195 | D:1      | Reached XP level 2. HP: 24/24 MP: 2/2
   845 | D:1      | Discovered your monstrous ancestry.
   845 | D:1      | Gained mutation: You have large cloven feet. [demonic
                  | ancestry]
   845 | D:1      | Reached XP level 3. HP: 28/29 MP: 3/3
   845 | D:1      | Quit the game

Illustrated notes

Levels and vault maps discovered:
D:1:      mrwooster_arrival_statue_3, layout_basic, serial_forest,
          infiniplex_forest_straight_2, infiniplex_forest_straight_1,
          infiniplex_forest_straight_1, infiniplex_forest_end_2,
          infiniplex_forest_straight_3, infiniplex_forest_diagonal,
          infiniplex_forest_clump_tiny, infiniplex_forest_lined_corner

Skill      XL: |  1 |
---------------+----+-----
Long Blades    | 3 |  3.8
Fighting       | |  3.0
Dodging        | |  2.6

Action                     || total
---------------------------++-------
  Melee: Falchion          ||    56
 Armour: Robe              ||    43
  Dodge: Dodged            ||    41

Table legend: (Time is in decaauts)
 A = Elapsed time spent in this place.
 B = Non-inter-level travel time spent in this place.
 C = Inter-level travel time spent in this place.
 D = Time resting spent in this place.
 E = Time spent auto-exploring this place.
 F = Levels seen in this place.
 G = Mean time per level.
                   A        B        C        D        E       F      G
               +--------+--------+--------+--------+--------+-----+--------+
         Total |    852 |    852 |      0 |      0 |    701 |   1 |  852.0 |
       Dungeon |    852 |    852 |      0 |      0 |    701 |   1 |  852.0 |
               +--------+--------+--------+--------+--------+-----+--------+

Top non-repeatable levels by time:
     D:1: 852 daAuts
